Map: Arctic Gates

Players

Winthrowe

  • Race: Protoss Protoss
  • League: Silver
  • Spawn Location: 9:00

Nikitta

  • Race: Terran Terran
  • Spawn Location: 0:00

A.I. 2 (Harder) - Winner!

  • Race: Zerg Zerg
  • Spawn Location: 3:00

A.I. 3 (Harder) - Winner!

  • Race: Protoss Protoss
  • Spawn Location: 0:00

VOD

Have the link to the VOD?

Description

Time

  • Played on: Sept. 2, 2017, 5:15 p.m.
  • Length: 14:51
Show
View Real Time Build Order
Export as new Build Order

Winthrowe Protoss 

Build Orders:  

Get SALT Encoding   

  12  0:02  Probe (Chrono Boost)  
  13  0:12  Probe (Chrono Boost)  
  14  0:24  Pylon  
  14  0:25  Probe (Chrono Boost)  
  15  0:30  Assimilator  
  15  0:42  Probe (Chrono Boost)  
  16  0:48  Gateway  
  16  0:57  Probe (Chrono Boost)  
  17  1:07  Probe (Chrono Boost)  
  19  1:18  Probe (Chrono Boost)  
  19  1:25  Assimilator  
  19  1:37  Zealot  
  21  1:42  Probe (Chrono Boost)  
  22  1:53  Probe (Chrono Boost)  
  23  2:00  Cybernetics Core  
  23  2:03  Pylon  
  23  2:07  Pylon  
  23  2:21  Zealot  
  23  2:22  Probe (Chrono Boost)  
  26  2:32  Probe (Chrono Boost)  
  27  2:43  Mothership Core (Chrono Boost)  
  29  2:53  Gateway  
  29  3:01  Probe (Chrono Boost)  
  30  3:13  Probe (Chrono Boost)  
  31  3:31  Probe (Chrono Boost)  
  32  3:42  Probe (Chrono Boost)  
  32  3:48  Nexus  
  33  3:50  Nexus  
  33  4:01  Pylon  
  33  4:06  Pylon  
  33  4:09  Pylon  
  33  4:12  Assimilator  
  33  4:17  Assimilator  
  33  4:46  Warp Gate  
  33  4:53  Assimilator  
  33  4:57  Assimilator  
  33  5:01  Probe x3 (Chrono Boost)  
  36  5:11  Probe (Chrono Boost)  
  36  5:12  Probe x2 (Chrono Boost)  
  38  5:22  Probe x3 (Chrono Boost)  
  40  5:32  Probe (Chrono Boost)  
  40  5:33  Probe x2 (Chrono Boost)  
  43  5:43  Probe (Chrono Boost)  
  44  5:55  Probe x3 (Chrono Boost)  
  47  6:05  Probe (Chrono Boost)  
  47  6:06  Probe x2 (Chrono Boost)  
  50  6:13  Pylon  
  50  6:16  Pylon, Probe x3 (Chrono Boost)  
  53  6:19  Pylon  
  53  6:26  Probe (Chrono Boost)  
  53  6:27  Probe x2 (Chrono Boost)  
  55  6:35  Gateway x2  
  55  6:37  Probe (Chrono Boost)  
  55  6:38  Probe x2 (Chrono Boost)  
  57  6:41  Gateway  
  57  6:42  Gateway  
  52  8:07  Stargate  
  52  8:08  Stargate  
  52  8:10  Stargate  
  52  8:14  Gateway  
  52  8:16  Forge  
  52  8:25  Forge x2  
  52  8:26  Nexus  
  52  8:27  Pylon  
  52  8:31  Pylon  
  52  8:34  Pylon  
  52  8:52  Robotics Facility  
  52  8:56  Robotics Facility  
  52  9:09  Probe (Chrono Boost)  
  54  9:10  Probe (Chrono Boost)  
  54  9:18  Protoss Air Weapons Level 1  
  54  9:20  Probe x2 (Chrono Boost)  
  56  9:30  Probe (Chrono Boost)  
  55  9:32  Stalker  
  48  9:41  Probe (Chrono Boost)  
  49  9:51  Fleet Beacon  
  47  9:54  Cybernetics Core  
  46  10:13  Stalker x5  
  53  10:14  Stalker  
  42  10:48  Probe x2 (Chrono Boost)  
  42  10:58  Probe (Chrono Boost)  
  43  11:06  Fleet Beacon  
  43  11:37  Mothership Core (Chrono Boost)  
  43  11:39  Probe (Chrono Boost)  
  46  11:50  Probe (Chrono Boost)  
  47  11:55  Probe (Chrono Boost)  
  47  11:56  Graviton Catapult  
  47  12:00  Probe (Chrono Boost)  
  49  12:06  Probe (Chrono Boost)  
  50  12:11  Carrier  
  50  12:12  Carrier  
  68  12:32  Carrier  
  68  12:37  Protoss Air Armor Level 1  
  63  13:32  Probe (Chrono Boost)  
Show
View Real Time Build Order
Export as new Build Order

Nikitta Terran 

Build Orders:  

Get SALT Encoding   

  12  0:05  SCV  
  13  0:25  Supply Depot, SCV  
  14  0:37  SCV  
  14  0:40  Refinery  
  15  0:49  SCV  
  16  0:58  Barracks  
  16  1:01  SCV  
  17  1:13  SCV  
  19  1:25  SCV  
  19  1:37  SCV  
  20  1:46  Refinery  
  20  1:49  SCV  
  21  1:57  Factory  
  21  2:02  SCV  
  21  2:07  Barracks Tech Lab  
  22  2:14  SCV  
  23  2:37  Supply Depot  
  23  2:58  Marine  
  23  2:59  SCV  
  23  3:00  Supply Depot  
  25  3:10  Barracks  
  25  3:11  SCV  
  26  3:16  Marine  
  27  3:23  SCV  
  28  3:27  Supply Depot  
  28  3:34  Marine  
  28  3:35  SCV  
  30  3:45  Starport  
  30  3:47  SCV  
  31  3:52  Marine  
  32  3:59  SCV  
  33  4:07  Factory Tech Lab  
  33  4:10  Marine  
  33  4:12  Barracks Reactor  
  34  4:28  Marauder  
  36  4:39  Engineering Bay  
  36  4:49  Marauder  
  38  5:05  Marine  
  38  5:06  Marine  
  40  5:11  Marauder  
  45  5:14  Siege Tank  
  45  5:23  Marine x2  
  47  5:30  Command Center  
  47  5:41  Missile Turret  
  47  5:56  Supply Depot  
  47  6:00  Missile Turret  
  47  6:17  Marine x2, Siege Tank  
  47  6:18  Marauder  
  54  6:19  Supply Depot  
  54  6:22  Armory  
  53  6:26  Fusion Core  
  53  6:35  Marine x2  
  53  6:36  Starport Tech Lab  
  55  6:40  Marauder  
  57  6:49  Siege Tank  
  57  6:53  Marine x2  
  62  7:08  Supply Depot  
  62  7:10  Marine  
  63  7:25  Marine  
  63  7:28  Marine  
  63  7:30  Siege Tank, Marauder  
  63  7:31  Supply Depot  
  68  7:42  Marine  
  69  7:46  Marine  
  70  7:53  Marauder  
  72  8:00  Marine  
  72  8:02  Siege Tank  
  72  8:04  Marine  
  77  8:07  Command Center  
  77  8:15  Marauder  
  79  8:28  Supply Depot  
  79  8:38  Missile Turret  
  79  8:50  Marine x2, Marauder  
  83  8:59  Missile Turret  
  83  9:12  Marauder  
  85  9:21  SCV  
  86  9:32  Supply Depot  
  86  9:33  SCV  
  87  9:38  Thor  
  94  9:45  SCV  
  94  9:54  Supply Depot  
  94  9:57  SCV  
  95  10:08  Missile Turret  
  95  10:09  SCV  
  95  10:11  Battlecruiser  
  61  10:51  Thor  
  61  10:55  Marine x2  
  64  11:13  Marine  
  65  11:34  Thor  
  71  12:16  Thor  
  77  12:53  Refinery  
  77  12:57  Missile Turret  
  77  12:59  Thor  
  77  13:01  Marine  
  77  13:04  Marine x2  
  78  13:21  Marine  
  78  13:22  Marine  
  70  13:39  Marine x2  
  47  13:42  Thor  
  28  13:57  Marine x2  
Show
View Real Time Build Order
Export as new Build Order

A.I. 2 (Harder) Zerg - Winner!

Build Orders: Pool First 

Get SALT Encoding   

  12  0:01  Drone  
  13  0:12  Overlord  
  13  0:17  Drone  
  14  0:30  Drone  
  14  0:31  Drone  
  16  0:44  Spawning Pool  
  16  0:46  Drone  
  16  0:49  Drone  
  17  0:53  Extractor  
  17  0:55  Drone  
  17  1:06  Overlord  
  17  1:31  Zergling x2  
  17  1:32  Queen  
  20  1:35  Zergling x2  
  20  1:38  Drone  
  22  1:40  Roach Warren  
  22  1:41  Extractor  
  20  1:49  Drone  
  21  2:00  Zergling x2  
  22  2:10  Lair, Drone  
  23  2:30  Drone  
  24  2:38  Overlord  
  24  2:44  Drone  
  25  2:47  Zergling x2  
  26  2:55  Metabolic Boost  
  26  3:00  Zergling x2  
  26  3:03  Zergling x2  
  28  3:09  Infestation Pit, Drone  
  28  3:23  Overlord  
  28  3:35  Drone  
  29  3:41  Drone  
  29  3:43  Drone  
  29  3:46  Swarm Host  
  34  3:49  Swarm Host  
  34  3:50  Overlord  
  34  3:53  Swarm Host  
  40  4:02  Baneling Nest, Drone  
  40  4:13  Evolution Chamber  
  40  4:14  Drone x2  
  41  4:17  Drone  
  42  4:25  Drone  
  43  4:36  Zergling x2  
  43  4:47  Roach  
  43  4:52  Overlord  
  45  4:56  Roach  
  45  4:59  Hydralisk Den  
  46  5:02  Drone  
  47  5:20  Zerg Melee Weapons Level 1  
  47  5:28  Hatchery  
  47  5:29  Hydralisk  
  47  5:30  Lurker Den  
  46  5:38  Hydralisk  
  46  5:41  Drone  
  47  6:25  Burrow  
  47  6:29  Roach  
  49  6:38  Roach  
  51  6:41  Drone x3  
  51  6:42  Drone x4  
  51  6:43  Drone  
  59  6:50  Extractor  
  59  6:51  Drone  
  59  6:52  Hydralisk  
  59  6:53  Drone  
  62  6:56  Overlord  
  62  6:59  Drone  
  63  7:01  Drone, Lurker  
  63  7:06  Drone  
  66  7:12  Drone  
  66  7:14  Zerg Ground Armor Level 1  
  67  7:17  Drone  
  68  7:23  Overlord  
  68  7:26  Hydralisk Den, Drone x2  
  68  7:27  Drone  
  68  7:29  Drone  
  70  7:33  Drone  
  71  7:39  Drone  
  72  7:44  Drone  
  72  7:50  Overlord  
  74  7:51  Lurker  
  74  7:55  Drone  
  74  7:56  Overseer  
  74  7:57  Hydralisk  
  77  8:02  Spore Crawler  
  77  8:05  Spore Crawler, Drone  
  76  8:06  Hydralisk  
  76  8:09  Spore Crawler  
  76  8:10  Drone  
  76  8:12  Overlord  
  78  8:16  Hydralisk  
  78  8:17  Spore Crawler  
  78  8:18  Drone  
  80  8:21  Queen  
  80  8:23  Overseer  
  80  8:26  Queen  
  80  8:27  Hydralisk  
  84  8:32  Spine Crawler  
  85  8:35  Spine Crawler, Drone  
  85  8:37  Drone  
  86  8:42  Roach, Evolution Chamber  
  86  8:46  Roach  
  89  8:51  Hatchery  
  88  8:57  Pneumatized Carapace  
  88  9:01  Roach  
  90  9:04  Overlord  
  90  9:07  Roach  
  90  9:08  Overseer  
  92  9:11  Roach  
  92  9:15  Roach  
  96  9:20  Roach  
  96  9:24  Overlord, Roach  
  98  9:28  Hydralisk, Zerg Missile Weapons Level 1  
  102  9:32  Zerg Melee Weapons Level 2  
  102  9:52  Extractor  
  101  10:04  Drone x3  
  101  10:05  Spine Crawler, Drone x2  
  101  10:06  Drone x3  
  108  10:09  Overlord  
  108  10:11  Extractor  
  108  10:12  Drone  
  108  10:14  Drone  
  108  10:16  Roach  
  108  10:17  Drone  
  108  10:18  Drone  
  108  10:21  Drone  
  112  10:23  Roach, Drone  
  112  10:25  Drone  
  112  10:26  Drone  
  112  10:27  Hydralisk x2  
  112  10:28  Drone  
  116  10:31  Overlord  
  116  10:33  Drone  
  115  10:36  Roach  
  115  10:37  Drone  
  115  10:40  Roach  
  115  10:44  Zergling x2  
  115  10:49  Roach  
  114  10:51  Glial Reconstitution  
  114  10:53  Roach  
  112  10:57  Hydralisk  
  112  11:01  Hydralisk  
  112  11:02  Spire  
  115  11:06  Hydralisk  
  115  11:07  Drone  
  118  11:16  Spine Crawler  
  118  11:17  Drone  
  118  11:19  Spore Crawler  
  118  11:20  Drone  
  118  11:21  Spore Crawler  
  118  11:22  Zerg Ground Armor Level 2  
  118  11:23  Drone  
  118  11:25  Queen  
  120  11:46  Spine Crawler, Drone  
  120  11:48  Zerg Missile Weapons Level 2  
  120  11:49  Spine Crawler  
  120  11:51  Drone  
  120  12:02  Extractor  
  120  12:03  Hive, Drone  
  120  12:06  Hatchery  
  120  12:07  Drone  
  120  12:10  Overlord  
  119  12:17  Zerg Flyer Weapons Level 1  
  119  12:30  Overlord  
  119  12:49  Overlord  
  119  13:08  Overlord, Drone  
  120  13:15  Zergling x2  
  120  13:17  Roach  
  120  13:21  Ultralisk Cavern, Drone  
  120  13:27  Extractor  
  120  13:28  Extractor, Overlord, Roach, Drone  
  120  13:31  Drone  
  112  13:34  Hydralisk  
  112  13:40  Hydralisk  
  96  13:43  Overseer  
  96  13:46  Hydralisk  
  94  13:52  Hydralisk  
  96  13:58  Hydralisk  
  96  14:02  Roach  
  98  14:03  Hydralisk  
  100  14:10  Ultralisk  
  103  14:19  Overlord  
  103  14:22  Overseer  
  110  14:36  Spore Crawler  
  110  14:37  Drone  
  113  14:39  Spore Crawler  
Show
View Real Time Build Order
Export as new Build Order

A.I. 3 (Harder) Protoss - Winner!

Build Orders:  

Get SALT Encoding   

  12  0:01  Probe (Chrono Boost)  
  13  0:11  Probe (Chrono Boost)  
  14  0:20  Pylon  
  14  0:22  Probe (Chrono Boost)  
  15  0:39  Probe (Chrono Boost)  
  16  0:47  Assimilator  
  16  0:49  Probe (Chrono Boost)  
  17  0:50  Gateway  
  17  1:00  Pylon, Probe (Chrono Boost)  
  18  1:10  Probe (Chrono Boost)  
  19  1:24  Probe (Chrono Boost)  
  20  1:34  Zealot  
  20  1:39  Cybernetics Core  
  22  1:45  Gateway  
  22  1:48  Assimilator  
  22  2:10  Pylon  
  22  2:13  Stalker  
  22  2:21  Warp Gate  
  24  2:30  Stalker  
  26  2:42  Zealot  
  28  2:50  Pylon  
  28  2:59  Zealot  
  30  3:07  Stalker  
  32  3:25  Stalker  
  34  3:36  Stalker  
  36  3:48  Pylon  
  37  3:49  Probe (Chrono Boost)  
  37  3:54  Adept  
  39  4:01  Probe (Chrono Boost)  
  40  4:04  Adept  
  42  4:11  Forge  
  42  4:13  Probe (Chrono Boost)  
  44  4:24  Probe (Chrono Boost)  
  44  4:29  Stalker  
  44  4:30  Pylon  
  46  4:36  Probe (Chrono Boost)  
  47  4:40  Stalker  
  49  4:47  Probe (Chrono Boost)  
  50  5:49  Protoss Ground Weapons Level 1  
  50  5:53  Sentry  
  50  5:55  Gateway  
  52  5:57  Twilight Council  
  52  6:00  Sentry, Photon Cannon  
  52  6:01  Robotics Facility  
  52  6:03  Photon Cannon  
  54  6:05  Pylon  
  54  6:14  Zealot  
  56  6:23  Sentry  
  58  6:30  Blink  
  58  6:32  Forge  
  58  6:33  Sentry  
  60  6:44  Nexus  
  60  6:48  Observer  
  61  6:58  Protoss Ground Armor Level 1  
  61  7:03  Stargate  
  61  7:09  Observer  
  62  7:27  Stalker  
  60  7:57  Probe x2 (Chrono Boost)  
  62  8:09  Probe x2 (Chrono Boost)  
  65  8:20  Probe (Chrono Boost)  
  65  8:21  Probe (Chrono Boost)  
  66  8:31  Probe (Chrono Boost)  
  66  8:32  Probe (Chrono Boost)  
  68  8:42  Probe (Chrono Boost)  
  68  8:43  Probe (Chrono Boost)  
  68  8:47  Assimilator  
  68  8:48  Pylon  
  70  8:50  Pylon  
  70  8:53  Assimilator, Probe (Chrono Boost)  
  70  8:54  Probe (Chrono Boost)  
  72  9:03  Probe (Chrono Boost)  
  72  9:05  Probe (Chrono Boost)  
  74  9:14  Probe (Chrono Boost)  
  74  9:15  Probe (Chrono Boost)  
  76  9:24  Probe (Chrono Boost)  
  76  9:26  Probe (Chrono Boost)  
  78  9:35  Probe (Chrono Boost)  
  79  10:00  Warp Prism  
  79  10:01  Adept  
  79  10:04  Gateway  
  79  10:06  Adept  
  85  10:08  Void Ray, Robotics Facility  
  85  10:12  Stargate  
  89  10:15  Nexus, Pylon  
  89  10:16  Adept  
  91  10:33  Adept  
  91  10:34  Warp Prism  
  93  10:39  Adept  
  93  10:45  Zealot  
  93  10:47  Pylon  
  81  10:53  Zealot  
  81  10:54  Observer  
  70  10:58  Adept  
  70  11:00  Gateway  
  70  11:03  Stalker  
  74  11:07  Warp Prism  
  74  11:08  Zealot  
  74  11:09  Stargate  
  78  11:13  Stalker  
  78  11:18  Adept  
  82  11:25  Adept  
  84  11:30  Stalker  
  86  11:35  Zealot  
  86  11:37  Void Ray  
  88  11:41  Protoss Ground Weapons Level 2  
  88  11:43  Probe (Chrono Boost)  
  88  11:45  Sentry  
  88  11:46  Probe (Chrono Boost)  
  97  11:48  Probe (Chrono Boost)  
  97  11:50  Protoss Ground Armor Level 2, Stalker  
  100  11:54  Probe (Chrono Boost)  
  100  11:58  Probe (Chrono Boost)  
  100  11:59  Probe (Chrono Boost)  
  102  12:06  Probe (Chrono Boost)  
  104  12:09  Probe (Chrono Boost)  
  104  12:10  Probe (Chrono Boost)  
  105  12:17  Probe (Chrono Boost)  
  106  12:24  Probe (Chrono Boost)  
  106  12:25  Probe (Chrono Boost)  
  106  12:28  Probe (Chrono Boost)  
  109  12:32  Robotics Bay  
  109  12:33  Protoss Air Weapons Level 1  
  109  12:35  Probe (Chrono Boost)  
  110  12:38  Probe (Chrono Boost)  
  111  12:56  Photon Cannon  
  111  12:59  Photon Cannon  
  111  13:02  Photon Cannon  
  111  13:04  Pylon  
  111  13:06  Pylon  
  111  13:09  Templar Archives  
  111  13:15  Gravitic Drive  
  111  13:16  Dark Shrine  
  111  13:30  Assimilator  
  111  13:36  Fleet Beacon  
  111  13:37  Sentry  
  111  13:39  Assimilator  
  113  13:41  Colossus  
  113  13:42  Nexus  
  119  13:49  High Templar  
  119  13:51  Void Ray  
  119  13:57  Void Ray  
  119  14:02  Stalker  
  117  14:07  Zealot  
  110  14:11  Sentry, Observer  
  110  14:15  Zealot  
  114  14:20  Stalker  
  116  14:25  High Templar  
  116  14:29  Zealot  
  118  14:38  Stalker  
  121  14:42  Archon  
  121  14:43  High Templar  
Tags
 
Add a new tag
Caveats
  • Supply blocks, unpowered buildings, or Contaminate may cause inaccurate times.
  • Supply counts are checked every 10 seconds.